 Dungeon Crawl Stone Soup version 0.29.1-12-g30fa7ad0bf (webtiles) character file.

Game seed: 11949173792965296534

93 styxcanada the Sneak (level 4, -4/23 HPs)
             Began as a Spriggan Brigand on Dec 19, 2022.
             Slain by a gnoll
             ... wielding a +0 halberd
              (12 damage)
             ... while paralysed by Grinder
             ... on level 4 of the Dungeon.
             The game lasted 00:08:28 (2549 turns).

styxcanada the Sneak (Spriggan Brigand)             Turns: 2549, Time: 00:08:28

Health: -4/23      AC:  3    Str:  7    XL:     4   Next: 37%
Magic:  5/5        EV:  4    Int: 12    God:
Gold:   77         SH:  0    Dex: 18    Spells: 3/3 levels left

rFire   . . .      SeeInvis +   y - +7 Throatcutter {drain, coup de grace}
rCold   . . .      Faith    .   (no shield)
rNeg    . . .      Spirit   .   b - +0 robe
rPois   .          Reflect  +   (helmet restricted)
rElec   .          Harm     .   c - +0 cloak
rCorr   .          Rampage  .   (gloves unavailable)
Will    +....                   (boots unavailable)
Stlth   ++++......              f - amulet of reflection
HPRegen 0.07/turn               n - +4 ring of evasion
MPRegen 0.09/turn               q - ring of willpower

@: paralysed, very quick
A: very small, no large weapons, unfitting armour, see invisible, speed 3
a: no special abilities


You were on level 4 of the Dungeon.
You visited 1 branch of the dungeon, and saw 4 of its levels.

You collected 77 gold pieces.

Inventory:

Hand Weapons
 a - a +2 dagger
 i - a +0 sling
 w - a +1 short sword of venom
 y - the +7 Throatcutter (weapon) {drain, coup de grace}
   (You found it on level 2 of the Dungeon)

   A truly terrible weapon, it drains the life of any living foe it strikes.
   It may instantly kill foes which have little health.
Missiles
 d - 5 poisoned darts (quivered)
 e - 3 curare-tipped darts
 h - 4 atropa-tipped darts
 o - 10 stones
Armour
 b - a +0 robe (worn)
 c - a +0 cloak (worn)
Jewellery
 f - an amulet of reflection (around neck)
 n - a +4 ring of evasion (left hand)
 q - a ring of willpower (right hand)
 u - an amulet of the acrobat
 z - a ring of magical power
Scrolls
 k - 2 scrolls of identify {unknown}
 p - a scroll of blinking {unknown}
 s - 3 scrolls of poison {unknown}
 A - a scroll of fear {unknown}
Potions
 g - a potion of curing {unknown}
 j - a potion of degeneration {unknown}
 l - 2 potions of berserk rage {unknown}
 m - a potion of mutation {unknown}
 r - a potion of ambrosia {unknown}
 t - a potion of lignification {unknown}
 v - 4 potions of resistance {unknown}
 x - a potion of attraction {unknown}


   Skills:
 * Level 1.7 Fighting
 + Level 3.0(3.1) Short Blades
 + Level 0.4(1.4) Long Blades
 + Level 2.0 Throwing
 * Level 2.3 Dodging
 * Level 7.7 Stealth


You had 3 spell levels left.
You didn't know any spells.
Your spell library contained the following spells:

 Spells                   Type           Power      Damage    Failure   Level
 Gell's Gravitas          Tloc           0%         N/A       69%         3
 Lesser Beckoning         Tloc           0%         N/A       69%         3
 Teleport Other           Tloc           0%         N/A       69%         3


Dungeon Overview and Level Annotations

Branches:
Dungeon (4/15)
 Temple: D:4-7

Altars:

Annotations:
D:4 Grinder


Innate Abilities, Weirdness & Mutations

You are very small and have problems with some larger weapons.
You are too small for most types of armour.
You have supernaturally acute eyesight. (SInv)
You cover ground extremely quickly. (Speed+++)


Message History

You kill the adder!
Found an escape hatch in the ceiling.
You closely miss the wight. You punch the wight, but do no damage.
The wight misses you.
A wight comes into view. It is wielding a +4 mace.
The wight closely misses you.
You hit the wight.
The wight is moderately damaged.
You block the wight's attack.
Grinder and a wight come into view.
The wight misses you.
The wight moves out of view.
A wight comes into view. It is wielding a +4 flail.
A jackal comes into view.
Grinder gestures at you. You resist with almost no effort.
The gnoll misses you.
Throw: 6 darts (poison)
Press: ? - help, Q - select action, (/) - cycle Shift-Dir - straight line, f - Grinder
Aim: Grinder (58% to hit)
You throw a poisoned dart. The poisoned dart hits Grinder.
Grinder blinks!
You hit Grinder.
Grinder is lightly wounded.
Grinder says, "Wait up."
Grinder gestures at you.
You easily resist.
You closely miss Grinder.
Grinder is lightly wounded.
Grinder gestures at you. You resist with almost no effort.
The gnoll barely misses you. Grinder gestures at you.
You suddenly lose the ability to move!
The gnoll barely misses you. Grinder hits you but does no damage.
The gnoll hits you from afar with a +0 spear.
The gnoll hits you from afar with a +0 halberd.
Grinder barely misses you.
The gnoll hits you from afar with a +0 spear!
The gnoll hits you from afar with a +0 halberd!
Ouch! That really hurt!
You die...

#........S##.....(...##.#
................gg...#
#......##.......<..#
#...#.####)#.#..####.
##...........#.....
###..#####.#####.....
####....# ### ##.....
.....##.#########.......
#............zg.@5#.....
#..##z.......zg.###......
..z...#.........#
....###....z....# (.z.
#.>.......# #§.
##........# §§.
########.h. §§ ...## ..


You could see Grinder, 3 wights and 2 gnolls.

Vanquished Creatures
  2 gnolls (D:4)
  3 adders
  2 worms (D:2)
  4 orcs (D:3)
  2 bats
  3 endoplasms
  A giant cockroach (D:1)
  3 goblins
  2 hobgoblins (D:1)
  2 jackals (D:2)
  2 quokkas (D:2)
  3 ball pythons (D:1)
  2 frilled lizards
  5 kobolds
  2 rats
38 creatures vanquished.

Vanquished Creatures (others)
  3 plants (D:4)
3 creatures vanquished.

Grand Total: 41 creatures vanquished

Notes
Turn   | Place    | Note
-------+----------+-------------------------------------------
     0 | D:1      | styxcanada the Spriggan Brigand began the quest for the
                  | Orb.
     0 | D:1      | Reached XP level 1. HP: 10/10 MP: 2/2
    68 | D:1      | Reached skill level 6 in Stealth
   192 | D:1      | Found a faded altar of an unknown god.
   245 | D:1      | Reached XP level 2. HP: 14/14 MP: 3/3
   773 | D:2      | Reached skill level 7 in Stealth
   990 | D:2      | Reached XP level 3. HP: 18/18 MP: 4/4
  1509 | D:2      | Found the +7 Throatcutter {drain, coup de grace}
  2510 | D:4      | Reached XP level 4. HP: 23/23 MP: 5/5
  2532 | D:4      | Noticed Grinder
  2546 | D:4      | Paralysed by Grinder for 4 turns
  2549 | D:4      | Slain by a gnoll

Illustrated notes

Levels and vault maps discovered:
D:1:      dpeg_arrival_fog, layout_basic, basic_ecumenical_altar,
          minmay_liquid_box, grunt_decor_junction, st_stairs_5
D:2:      layout_rooms, minmay_heptomino_h4
D:3:      layout_basic, grunt_ministairs_14
D:4:      layout_rooms, nicolae_dithmenos_the_darkroom, trog_hazing_becter,
          nicolae_hepliaklqana_ecumenical_no_more, enter_ossuary_4,
          biasface_ghost_orc_armoury, uniq_natasha, uniq_grinder

Skill      XL: |  1  2  3 |
---------------+----------+-----
Stealth        | 6 7 |  7.7
Dodging        | 2 |  2.3
Short Blades   | 3 |  3.0
Fighting       | |  1.7
Long Blades    | |  0.4
Throwing       | |  2.0

Action                   |  1- 3 |  4- 6 || total
-------------------------+-------+-------++-------
Melee: Dagger            |    54 |       ||    54
       Long sword        |    15 |     6 ||    21
       Short sword       |    12 |       ||    12
       Punch             |       |     1 ||     1
Throw: Dart              |     7 |     4 ||    11
  Use: Scroll            |     1 |       ||     1
 Stab: Sleeping          |    11 |       ||    11
Armor: Robe              |     6 |     1 ||     7
Dodge: Dodged            |    55 |     8 ||    63
Block: Other             |     1 |     1 ||     2
